 Dungeon Crawl Stone Soup version 0.29-a0-542-g075992c915 (webtiles) character file.

Game seed: 13103494197653089861

21 Flugkiller the Skirmisher (level 3, 0/34 HPs)
             Began as a Meteoran Chaos Knight on June 3, 2022.
             Was a Plaything of Xom.
             Slain by Robin
             ... wielding a +0 whip of venom
              (5 damage)
             ... on level 2 of the Dungeon.
             The game lasted 00:01:26 (260 turns).

Flugkiller the Skirmisher (Meteoran Chaos Knight)    Turns: 260, Time: 00:01:26

Health: 0/34       AC:  5    Str: 16    XL:     3   Next: 17%
Magic:  4/4        EV: 11    Int: 19    God:    Xom [..*...]
Gold:   50         SH:  0    Dex: 13    Spells: 2/2 levels left

rFire   . . .      SeeInvis .   a - +0 hand axe (chaos)
rCold   . . .      Faith    .   (no shield)
rNeg    . . .      Spirit   .   b - +2 leather armour
rPois   .          Reflect  .   (no helmet)
rElec   .          Harm     .   (no cloak)
rCorr   .          Rampage  .   (no gloves)
Will    .....                   (no boots)
Stlth   +.........              (no amulet)
HPRegen 0.11/turn               g - +6 ring of intelligence
MPRegen 0.09/turn               (no ring)

@: lethally poisoned (0 -> -12), attractive, glowing
A: sense surroundings 1, otherworldly, glowing, explore regen
a: Renounce Religion


You were on level 2 of the Dungeon.
You worshipped Xom.
You were a toy of Xom.
You visited 1 branch of the dungeon, and saw 3 of its levels.

You collected 50 gold pieces.

Inventory:

Hand Weapons
 a - a +0 hand axe of chaos (weapon)
Armour
 b - a +2 leather armour (worn)
Jewellery
 g - a +6 ring of intelligence (left hand)
   (You found it on level 1 of the Dungeon)
Scrolls
 d - 2 scrolls of identify {unknown}
 e - a scroll of enchant armour {unknown}
 h - a scroll of immolation {unknown}
Potions
 f - a potion of degeneration {unknown}
 i - a potion of attraction
 j - a potion of heal wounds {unknown}
Miscellaneous
 c - a piece from Xom's chessboard (15/15) (quivered)


   Skills:
 + Level 4.4 Fighting
 - Level 3.6 Axes
 - Level 2.4 Armour
 - Level 1.2 Dodging


You had 2 spell levels left.
You didn't know any spells.
Your spell library was empty.

Dungeon Overview and Level Annotations

Branches:
Dungeon (3/15)

Altars:

Shops:
D:3 (

Annotations:
D:2 Robin


Innate Abilities, Weirdness & Mutations

You passively map a small area around you.
You are easily found by Zot.
You glow in the dark.
You regain HP and MP as you explore.


Message History

The bat closely misses you. The bat hits you but does no damage.
The bat misses you.
You hit the bat. You freeze the bat.
The bat is severely wounded.
The bat hits you but does no damage.
A hobgoblin comes into view. "How about this?"
Your eyebrows briefly feel incredibly bushy.
The bat hits you but does no damage.
Found a stone staircase leading down.
The bat hits you but does no damage.
You closely miss the bat.
The bat is severely wounded.
The bat closely misses you. The bat hits you but does no damage.
The bat hits you but does no damage.
You hit the hobgoblin.
You kill the hobgoblin!
The bat misses you. The bat closely misses you.
The bat hits you but does no damage.
A goblin comes into view. It is wielding a +0 club.
The bat closely misses you. The bat hits you but does no damage.
The bat closely misses you.
You hit the bat.
You kill the bat!
You hit the goblin.
You kill the goblin!
You have reached level 3!
Your experience leads to an increase in your attributes!
Your base attributes are Str 13, Int 13, Dex 13.
Increase (S)trength, (I)ntelligence, or (D)exterity?
You feel stronger. x3
There is a stone staircase leading down here.
Found 13 gold pieces.
You now have 40 gold pieces (gained 13).
Found 10 gold pieces.
You now have 50 gold pieces (gained 10).
There is a stone staircase leading down here.
You climb downwards.
Robin shouts!
The goblin shouts! x4; The hobgoblin shouts! x2
The goblin shouts! x3
Found 5 poisoned darts and a book of Changes.
Found Hanuh's Antique Weapon Shoppe.
There is a stone staircase leading up here.
You completely miss Robin. You barely miss the goblin. You miss the goblin.
The goblin hits you with a +0 club.
A goblin opens the door.
The goblin hits you with a +0 club.
A goblin comes into view. It is wielding a +0 club.
Robin barely misses you.
The goblin hits the plant with a +0 club.
The plant begins to die.
The goblin shouts!
You hit Robin. You burn Robin.
Robin is moderately wounded.
You hit the goblin. x2
You kill the goblin!
Robin hits you with a +0 whip of venom. The goblin closely misses you.
You barely miss Robin.
Robin is moderately wounded.
You closely miss the goblin. You barely miss the goblin. You hit the goblin.
You kill the goblin!
The goblin barely misses you. The goblin misses you.
The goblin hits you but does no damage. The goblin completely misses you.
The goblin hits you but does no damage.
Robin roars a battlecry!
The goblins go into a battle-frenzy!
You climb upwards.
There is a stone staircase leading down here.
You closely miss Robin.
Robin is moderately wounded.
You barely miss the goblin. You closely miss the goblin.
You hit the goblin but do no damage. The goblin closely misses you.
The goblin barely misses you. Robin hits you with a +0 whip of venom.
You are poisoned.
You hit Robin.
Robin is moderately wounded.
You barely miss the goblin. You hit the goblin.
You kill the goblin!
You barely miss the goblin.
You feel very sick. Robin hits you with a +0 whip of venom.
You are lethally poisoned!
The goblin misses you. The goblin hits you with a +0 dagger.
You are too injured to fight recklessly!
You are too injured to fight recklessly!
You hit Robin. You burn Robin.
Robin is severely wounded.
You hit the goblin. You burn the goblin. You hit the goblin.
* * * LOW HITPOINT WARNING * * *
You feel very sick. The goblin closely misses you.
Robin throws the goblin at you! The goblin closely misses you.
It was a potion of attraction.
You feel attractive to monsters.
Xom thinks this is hilarious!
* * * LOW HITPOINT WARNING * * *
You feel very sick. The goblin hits you but does no damage.
The goblin hits you with a +0 dagger.
* * * LOW HITPOINT WARNING * * *
Robin hits you with a +0 whip of venom.
You die...

, , * , , #.# #..#...# * ,*
##.## #..#...# , *
###...###..##..# .# *# *
#......,...##..# .#* #.*
#.#... #..##..# ..# # #.
#.##.# #..##..# ..#
#.##.####.##g####..##..##..#
*.......)....@g............#*
*
#.........g####..........##.
#.##......## ###.##.........
#.##......# #...###.###.###
#.##......# #.### #.# * # #
#.##..##### #.# #.# * #
#.##..# #####.#####.###.# #
#.#...# #...............#
######..###.#
#.###.#####.#####


You could see Robin and 2 goblins.

Vanquished Creatures
  A bat (D:2)
  7 goblins
  A hobgoblin (D:2)
  4 jackals (D:1)
  2 quokkas (D:1)
  A rat (D:1)
16 creatures vanquished.

Notes
Turn   | Place    | Note
-------+----------+-------------------------------------------
     0 | D:1      | Flugkiller the Meteoran Chaos Knight began the quest for
                  | the Orb.
     0 | D:1      | Reached XP level 1. HP: 19/19 MP: 2/2
    26 | D:1      | Reached XP level 2. HP: 5/27 MP: 3/3
   100 | D:1      | Reached skill level 4 in Fighting
   102 | D:1      | XOM: smoke on damage
   153 | D:2      | XOM: divination: detect creatures
   185 | D:2      | XOM: silly message
   197 | D:2      | Reached XP level 3. HP: 33/33 MP: 4/4
   251 | D:3      | Noticed Robin
   251 | D:3      | Found Hanuh's Antique Weapon Shoppe.
   260 | D:2      | Slain by Robin

Illustrated notes

Levels and vault maps discovered:
D:1:      giann_horns, layout_basic, minivault_23, dreamdust_wishing_well,
          chequers_serial_rivers_large_a
D:2:      layout_loops_ring, uniq_natasha
D:3:      layout_basic, serial_shops, nicolae_shop_overgrown_old_shop,
          uniq_robin, uniq_grinder

Skill      XL: |  1  2 |
---------------+-------+-----
Fighting       | 4 |  4.4
Axes           | |  3.6
Armour         | |  2.4
Dodging        | |  1.2

Action                   || total
-------------------------++-------
Melee: Hand axe          ||    38
  Use: Potion            ||     1
Armor: Leather armour    ||    28
Dodge: Dodged            ||    45

Table legend: (Time is in decaauts)
 A = Elapsed time spent in this place.
 B = Non-inter-level travel time spent in this place.
 C = Inter-level travel time spent in this place.
 D = Time resting spent in this place.
 E = Time spent auto-exploring this place.
 F = Levels seen in this place.
 G = Mean time per level.
                   A        B        C        D        E       F      G
               +--------+--------+--------+--------+--------+-----+--------+
         Total |    264 |    256 |      8 |      0 |      0 |   3 |   88.0 |
       Dungeon |    264 |    256 |      8 |      0 |      0 |   3 |   88.0 |
               +--------+--------+--------+--------+--------+-----+--------+

Top non-repeatable levels by time:
     D:1: 154 daAuts
     D:2: 104 daAuts
     D:3: 5 daAuts
